 Dungeon Crawl Stone Soup version 0.30-a0-509-gd016549fea (webtiles) character file.

Game seed: 4556655836468561215

2826 kae the Destroyer (level 9, -6/45 HPs)
             Began as a Tengu Fire Elementalist on Dec 22, 2022.
             Killed by an exploding wyvern (38 damage)
             ... ignited by their inner flame
             ... on level 7 of the Dungeon.
             The game lasted 00:06:34 (8186 turns).

kae the Destroyer (Tengu Fire Elementalist)         Turns: 8186, Time: 00:06:34

Health: -6/45      AC:  6    Str: 20    XL:     9   Next: 73%
Magic:  11/18      EV: 14    Int: 19    God:
Gold:   373        SH:  0    Dex: 15    Spells: 9/19 levels left

rFire   . . .      SeeInvis .    c - +6 war axe of Sasae {vorpal, rN+ Str+5 Stlth+}
rCold   . . .      Faith    .    (no shield)
rNeg    + . .      Spirit   .    a - +1 robe
rPois   .          Reflect  .    (helmet restricted)
rElec   .          Harm     .    p - +2 cloak
rCorr   .          Rampage  .    (no gloves)
Will    .....                    (boots unavailable)
Stlth   +++.......               (no amulet)
HPRegen 0.27/turn                S - +6 ring of strength
MPRegen 0.16/turn                (no ring)

@: flying quickly and evasively, quick
A: beak, talons 3, nimble flight, no potion heal 1
a: no special abilities


You were on level 7 of the Dungeon.
You visited 2 branches of the dungeon, and saw 8 of its levels.

You collected 409 gold pieces.
You spent 36 gold pieces at shops.


Innate Abilities, Weirdness & Mutations

You have a beak for a mouth.
You have claws for feet.
Your magical nature lets you fly swiftly and evasively.
Potions are less effective at restoring your health.


   Skills:
 - Level 2.1 Dodging
 - Level 2.0 Stealth
 + Level 5.6 Spellcasting
 * Level 10.8 Conjurations
 * Level 9.7 Fire Magic


You had 9 spell levels left.
You knew the following spells:

 Your Spells              Type           Power      Damage    Failure   Level
a - Foxfire               Conj/Fire      100%       2x1d9     1%          1
b - Scorch                Fire           84%        2d9       1%          2
c - Inner Flame           Hex/Fire       23%        N/A       4%          3
d - Flame Wave            Conj/Fire      44%        2d11      1%          4

Your spell library contained the following spells:

 Spells                   Type           Power      Damage    Failure   Level
 Kindle Blastsparks       Fire/Tloc/Air  34%        2d12      10%         3
 Summon Small Mammal      Summ           20%        N/A       12%         1
 Call Canine Familiar     Summ           5%         N/A       34%         3
 Summon Guardian Golem    Hex/Summ       5%         N/A       34%         3

Inventory:

Hand Weapons
 c - the +6 war axe of Sasae (weapon) {vorpal, rN+ Str+5 Stlth+}
   (You found it on level 4 of the Dungeon)

   It inflicts extra damage upon your enemies.
   Str:       It affects your strength (+5).
   rN:        It protects you from negative energy.
   Stlth:     It makes you more stealthy.
 e - a +1 dagger of draining
   (You took it off a goblin on level 1 of the Dungeon)
 q - the +1 spear of Cusy {elec, rC+ Dex+4}
   (You found it on level 5 of the Dungeon)

   It occasionally discharges a powerful burst of electricity upon striking a
   foe.
   Dex:       It affects your dexterity (+4).
   rC:        It protects you from cold.
Missiles
 d - 70 stones
 l - 4 boomerangs
 w - 6 poisoned darts
Armour
 a - a +1 robe (worn)
 p - a +2 cloak (worn)
   (You found it on level 4 of the Dungeon)
Jewellery
 S - a +6 ring of strength (left hand)
   (You found it on level 2 of the Dungeon)
Wands
 h - a wand of iceblast (13)
   (You found it on level 3 of the Dungeon)
 r - a wand of light (7)
   (You took it off a gnoll on level 5 of the Dungeon)
Scrolls
 i - 8 scrolls of teleportation {@r4}
 j - a scroll of enchant armour
 n - 2 scrolls of enchant weapon
 o - a scroll of brand weapon
 v - a scroll of fear
 y - a scroll of identify {unknown}
Potions
 b - a potion of magic
 f - a potion of lignification {unknown}
 g - 2 potions of might
 k - a potion of heal wounds {unknown}
 m - 2 potions of curing {unknown}
 s - a potion of haste {unknown}
 t - a potion of flight {unknown}
 u - a potion of berserk rage {unknown}
 x - a potion of resistance {unknown}
 z - a potion of ambrosia {unknown}
 A - 2 potions of brilliance {unknown}

Dungeon Overview and Level Annotations

Branches:
Dungeon (7/15) Zot: 26669  Temple (1/1) D:6 Zot: 5874

Altars:
Cheibriados
Dithmenos
Elyvilon
Fedhas
Gozag
Hepliaklqana
Kikubaaqudgha
Makhleb
Nemelex Xobeh
Okawaru
Ru
Sif Muna
Trog
Uskayaw
Wu Jian
Xom
Yredelemnul
The Shining One

Shops:
D:2 *   D:5 (

Annotations:
D:3 Sigmund
D:7 1 exclusion

#......# #..[...# #......#
#......### .......'.#########
.......#.........#
.......#.........# #.# #.#.#.
.......#..!......####.###[...
..##...<........@○.°........#
########.).......####.......
#<........# .....#
#.........# .... #.........#
#+# ########### #.# #.#######
#.......) #########


There were no monsters in sight!


Message History

There are monsters nearby!
There are monsters nearby!
Casting: Scorch (safe; 1% risk of failure)
Confirm with . or Enter, or press ? or * to list all spells.
You conjure some foxfire!
The jelly quivers.
The foxfire hits the jelly. 😎 MP[-1]
You lost 1 mp, and now have 17/18 mp.
Casting: Foxfire (safe; 1% risk of failure)
Confirm with . or Enter, or press ? or * to list all spells.
Flames lash the jelly.
The jelly's fire resistance burns away.
The bullfrog croaks.
A wyvern comes into view. 😎 MP[-2]
You lost 2 mp, and now have 15/18 mp.
Casting: Scorch (safe; 1% risk of failure)
Confirm with . or Enter, or press ? or * to list all spells.
Flames lash the jelly.
The jelly is burned terribly!
You kill the jelly!
The wyvern hisses angrily. 😎 MP[-1]
You lost 1 mp, and now have 14/18 mp.
Casting: Scorch (safe; 1% risk of failure)
Confirm with . or Enter, or press ? or * to list all spells.
You can't see any susceptible monsters within range! (Use Z to cast anyway.) Unknown command.
You reach down and close the door.
You start resting. 😎 MP[+1]
You start resting. 😎 MP[+3]
Your mp is fully restored (18).
Press: ? - help, v - describe, . - travel The floor.
Press: ? - help, v - describe, . - travel The floor.
Placed new exclusion.
Reduced exclusion size to a single square.
Partly explored, can't reach some places.
Partly explored, can't reach some places.
Partly explored, can't reach some places.
Unknown command.
Partly explored, can't reach some places.
Partly explored, can't reach some places.
Things that are here:
a +0 sling; a +0 quarterstaff; a +0 leather armour
There is an open door, spattered with blood here.
There is an open door here.
There is a stone staircase leading up here.
You fly upwards.
There is a stone staircase leading down here.
There is an open door here.
There is an open door here.
There is a stone staircase leading down here.
You fly downwards.
Level annotation: 1 exclusion
Found a quarterstaff, a potion of degeneration and a chain mail.
Found an escape hatch in the ceiling.
There is a stone staircase leading up here.
There is a stone staircase leading up here.
You now have 373 gold pieces (gained 8).
You reach down and open the door.
There is an open door here.
d - 70 stones (gained 9)
You reach down and open the door.
There is an open door here.
A wyvern is nearby!
A wyvern is nearby!
A wyvern is nearby!
The wyvern hisses angrily.
There is an open door here.
Casting: Scorch (safe; 1% risk of failure)
Confirm with . or Enter, or press ? or * to list all spells.
Aiming: Inner Flame (dangerous; 4% risk of failure)
Press: ? - help, Dir - move target, f - wyvern
Aim: a wyvern (chance to affect: 78%)
The wyvern is filled with an inner flame. 😎 MP[-3]
You lost 3 mp, and now have 15/18 mp.
Casting: Inner Flame (dangerous; 4% risk of failure)
Confirm with . or Enter, or press ? or * to list all spells.
Flames lash the wyvern.
Flame seeps out of the wyvern.
The wyvern's fire resistance burns away.
The wyvern is engulfed in blazing flames.
Flame seeps out of the wyvern.
The wyvern bites you! 😮 HP[-13] MP[-2]
You take 13 damage, and now have 32/45 hp.
MASSIVE DAMAGE!! (PAUSE)
You lost 2 mp, and now have 13/18 mp.
Casting: Scorch (safe; 1% risk of failure)
Confirm with . or Enter, or press ? or * to list all spells.
Flames lash the wyvern.
The wyvern is burned terribly!
Flame seeps out of the wyvern.
The wyvern is engulfed in blazing flames.
The wyvern explodes!
The fiery explosion engulfs you!!!
Ouch! That really hurt!
You die...

Skill      XL: |  1  2  3  4  5  6  7  8  9 |
---------------+----------------------------+-----
Conjurations   | 2 3 4 5 7 9 10 | 10.8
Fire Magic     | 4 5 6 8 9 |  9.7
Spellcasting   | 3 4 5 |  5.6
Dodging        | |  2.1
Stealth        | |  2.0

Action                   |  1- 3 |  4- 6 |  7- 9 || total
-------------------------+-------+-------+-------++-------
Melee: Unarmed           |     2 |       |       ||     2
       Kick              |     1 |     3 |       ||     4
       Peck              |     1 |       |     1 ||     2
       Dagger            |     7 |     3 |       ||    10
       War axe           |       |     1 |    11 ||    12
 Cast: Foxfire           |    61 |    69 |    98 ||   228
       Scorch            |     5 |    23 |    55 ||    83
       Inner Flame       |       |       |     3 ||     3
  Use: Scroll            |     3 |     5 |     1 ||     9
       Potion            |       |     3 |       ||     3
 Stab: Sleeping          |       |       |     1 ||     1
Armor: Robe              |     3 |     3 |    17 ||    23
Dodge: Dodged            |    11 |    21 |    65 ||    97

Levels and vault maps discovered:
D:1:      spicycebolla_arrival_xxxplode, layout_basic,
          hellmonk_ecumenical_altar_dog_temple
D:2:      wander_river, layout_basic, serial_shops, shop, minivault_24,
          hangedman_decor_opposing
D:3:      layout_basic, serial_glass, glass_columns_b, glass_columns_a,
          uniq_jessica, uniq_sigmund
D:4:      layout_loops_corners, slow_altar_1, okawaru_altar_gauntlet_db,
          old_standard_altar
D:5:      layout_basic, grunt_dithmenos_smoke, serial_shops,
          nicolae_shop_bloodbath_and_beyond
D:6:      minmay_recursive_quarters, layout_basic,
          lemuel_zombie_altar_yredelemnul, overflow_temple_1_default,
          elyvilon_altar_5, roderic_lattice_a, uniq_maggie
D:7:      layout_basic, lemuel_tele_altar, dk_rats_in_the_wall, uniq_joseph
Temple:   jpeg_temple_clearing

Notes
Turn   | Place    | Note
-------+----------+-------------------------------------------
     0 | D:1      | kae the Tengu Fire Elementalist began the quest for the
                  | Orb.
     0 | D:1      | Reached XP level 1. HP: 10/10 MP: 4/4
     0 | D:1      | magus.rc [v1.11.3]
   182 | D:1      | You pick up a book of Callings and begin reading...
   182 | D:1      | You add the spells Summon Small Mammal, Call Canine
                  | Familiar and Summon Guardian Golem to your library.
   203 | D:1      | Reached skill level 2 in Conjurations
   203 | D:1      | Reached XP level 2. HP: 15/15 MP: 3/6
   233 | D:1      | Learned a level 2 spell: Scorch
   648 | D:1      | Found a faded altar of an unknown god.
   938 | D:2      | Reached XP level 3. HP: 19/19 MP: 2/7
  1043 | D:2      | Found Vebunn's General Store.
  1051 | D:2      | Bought a scroll of teleportation for 36 gold pieces
  1235 | D:2      | Reached skill level 3 in Conjurations
  1235 | D:2      | Reached skill level 4 in Fire Magic
  1467 | D:2      | Reached XP level 4. HP: 20/24 MP: 0/8
  1875 | D:3      | Learned a level 3 spell: Inner Flame
  2352 | D:2      | Reached skill level 4 in Conjurations
  2352 | D:2      | Gained mutation: Your magical nature lets you fly swiftly
                  | and evasively. [Tengu growth]
  2352 | D:2      | Reached XP level 5. HP: 10/28 MP: 0/10
  2743 | D:3      | Noticed Jessica
  2750 | D:3      | Gained mutation: Potions are less effective at restoring
                  | your health. [potion of mutation]
  2753 | D:3      | HP: 6/28 [Jessica/+0 dagger (3)]
  2754 | D:3      | Killed Jessica
  3147 | D:3      | Reached skill level 5 in Fire Magic
  3224 | D:3      | Noticed Sigmund
  3308 | D:4      | Reached skill level 3 in Spellcasting
  3308 | D:4      | Reached XP level 6. HP: 32/32 MP: 6/11
  3398 | D:4      | Reached skill level 5 in Conjurations
  3467 | D:4      | Identified the +6 war axe of Sasae {vorpal, rN+ Str+5
                  | Stlth+}
  3682 | D:4      | Found an ancient bone altar of Kikubaaqudgha.
  3698 | D:4      | Noticed a black bear
  3709 | D:4      | Killed a black bear
  3845 | D:4      | Found a snail-covered altar of Cheibriados.
  4323 | D:4      | Reached XP level 7. HP: 35/36 MP: 9/13
  4328 | D:4      | Found an iron altar of Okawaru.
  4546 | D:5      | Entered Level 5 of the Dungeon
  4551 | D:5      | Identified the +1 spear of Cusy {elec, rC+ Dex+4}
  4581 | D:5      | Reached skill level 6 in Conjurations
  4581 | D:5      | Reached skill level 6 in Fire Magic
  5033 | D:5      | Found Pivetiss's Weapon Shoppe.
  5126 | D:5      | Found a shadowy altar of Dithmenos.
  5154 | D:5      | Reached skill level 7 in Conjurations
  5463 | D:5      | Reached XP level 8. HP: 41/41 MP: 8/14
  5559 | D:5      | Reached skill level 4 in Spellcasting
  5559 | D:5      | Reached skill level 7 in Fire Magic
  5876 | D:6      | Learned a level 4 spell: Flame Wave
  5977 | D:6      | Found a staircase to the Ecumenical Temple.
  5984 | Temple   | Entered the Ecumenical Temple
  6162 | D:6      | Reached skill level 8 in Conjurations
  6295 | D:6      | Reached skill level 8 in Fire Magic
  6480 | D:6      | Reached skill level 9 in Conjurations
  6675 | D:6      | Reached XP level 9. HP: 45/45 MP: 12/17
  6787 | D:6      | Noticed Maggie
  6793 | D:6      | Killed Maggie
  6794 | D:6      | Reached skill level 5 in Spellcasting
  6802 | D:6      | Reached skill level 10 in Conjurations
  6802 | D:6      | Reached skill level 9 in Fire Magic
  6922 | D:6      | Found an ornate altar of the Wu Jian Council.
  7046 | D:6      | Found a white marble altar of Elyvilon.
  7209 | D:6      | Found a basalt altar of Yredelemnul.
  7251 | D:6      | Identified the +5 sling of the Pariah {speed, rC+}
  7965 | D:7      | Noticed Joseph
  7969 | D:7      | Killed Joseph
  8186 | D:7      | Killed by an exploding wyvern... ignited by their inner
                  | flame

Vanquished Creatures
  Joseph (D:7)
  Maggie (D:6)
  A wyvern (D:7)
  A water moccasin (D:6)
  A black bear (D:4)
  4 ice beasts (D:6)
  A sky beast (D:7)
  2 ogres (D:6)
  3 phantoms
  A kobold brigand (D:6)
  2 bullfrogs (D:6)
  3 scorpions
  A water moccasin zombie (D:6)
  A bullfrog zombie (D:6)
  6 jellies
  5 hounds
  Jessica (D:3)
  3 iguanas
  16 gnolls
  9 adders
  A white imp (D:6)
  4 worms
  2 orcs
  5 ball pythons
  5 endoplasms
  2 giant cockroaches
  9 hobgoblins
  4 jackals (D:1)
  8 kobolds
  5 quokkas
  9 bats
  3 frilled lizards (D:1)
  4 goblins
  A rat (D:1)
125 creatures vanquished.

Vanquished Creatures (others)
  371 foxfires
371 creatures vanquished.

Grand Total: 496 creatures vanquished

Table legend:
 A = Non-vault XP
 B = Vault XP
 C = Vault XP percentage of total XP
 D = Non-vault monster count
 E = Vault monster count
 F = Vault count percentage of total count
                 A         B        C        D         E       F
            +---------+---------+-------+---------+---------+-------
      Total |    2701 |    1542 |  36.3 |     100 |      25 |  20.0
            +---------+---------+-------+---------+---------+-------
        D:1 |      25 |       8 |  24.2 |      17 |       4 |  19.0
        D:2 |     119 |       0 |   0.0 |      21 |       0 |   0.0
        D:3 |      89 |      37 |  29.4 |      17 |       1 |   5.6
        D:4 |     326 |      41 |  11.2 |      11 |       7 |  38.9
        D:5 |     704 |       0 |   0.0 |      17 |       0 |   0.0
        D:6 |    1064 |    1022 |  49.0 |      14 |      12 |  46.2
        D:7 |     374 |     434 |  53.7 |       3 |       1 |  25.0
            +---------+---------+-------+---------+---------+-------

Illustrated notes

Table legend:
 A = Kills in this place as a percentage of kills in entire the game.
 B = Kills by you in this place as a percentage of kills by you in the entire game.
 C = Kills by friends in this place as a percentage of kills by friends in the entire game.
 D = Other kills in this place as a percentage of other kills in the entire game.
 E = Experience gained in this place as a percentage of experience gained in the entire game.
 F = Experience gained in this place divided by the number of levels of this place that you have seen.
                   A       B       C       D       E      F
               +-------+-------+-------+-------+-------+----------------------
         Total | 100.0 | 100.0 |   N/A |   N/A | 100.0 | 530.4
       Dungeon | 100.0 | 100.0 |   N/A |   N/A | 100.0 | 606.1
               +-------+-------+-------+-------+-------+----------------------

Table legend: (Time is in decaauts)
 A = Elapsed time spent in this place.
 B = Non-inter-level travel time spent in this place.
 C = Inter-level travel time spent in this place.
 D = Time resting spent in this place.
 E = Time spent auto-exploring this place.
 F = Levels seen in this place.
 G = Mean time per level.
                   A        B        C        D        E       F      G
               +--------+--------+--------+--------+--------+-----+--------+
         Total |   7831 |   7621 |    210 |    157 |   6473 |   8 |  978.9 |
       Dungeon |   7705 |   7512 |    193 |    157 |   6374 |   7 | 1100.7 |
        Temple |    125 |    108 |     17 |      0 |     99 |   1 |  125.0 |
               +--------+--------+--------+--------+--------+-----+--------+

Top non-repeatable levels by time:
     D:6: 1748 daAuts
     D:2: 1287 daAuts
     D:5: 1256 daAuts
     D:4: 1155 daAuts
     D:3: 1028 daAuts
     D:1: 928 daAuts
     D:7: 301 daAuts
  Temple: 125 daAuts
